 Dungeon Crawl Stone Soup version 0.22.1 (webtiles) character file.

186 schets the Chopper (level 5, 45/48 HPs)
             Began as a Hill Orc Monk on Sept 18, 2018.
             Was a Believer of Wu Jian.
             Quit the game on level 4 of the Dungeon.
             The game lasted 00:05:18 (3014 turns).

schets the Chopper (Hill Orc Monk)                  Turns: 3014, Time: 00:05:18

Health: 45/48      AC:  9    Str: 15    XL:     5   Next: 65%
Magic:  5/5        EV:  7    Int: 15    God:    Wu Jian [**....]
Gold:   195        SH:  0    Dex: 13    Spells: 4/4 levels left

rFire    . . .     SeeInvis .   z - +0 war axe
rCold    . . .     Gourm    .   (no shield)
rNeg     + . .     Faith    .   w - +0 chain mail {rN+}
rPois    .         Spirit   .   (no helmet)
rElec    .         Reflect  .   (no cloak)
rCorr    +         Harm     .   d - +0 pair of gloves
MR       .....                  (no boots)
Stlth    ..........             (no amulet)
HPRegen  0.16/turn              q - +5 ring of intelligence
MPRegen  0.09/turn              g - ring of resist corrosion

@: no status effects
A: no striking features
a: Wall Jump, Renounce Religion


You were on level 4 of the Dungeon.
You worshipped Wu Jian.
Wu Jian was pleased with you.
You were very hungry.

You visited 1 branch of the dungeon, and saw 4 of its levels.

You collected 195 gold pieces.

Inventory:

Hand Weapons
 a - a +0 hand axe
 z - a +0 war axe (weapon)
Missiles
 f - 2 exploding tomahawks (quivered)
 y - 3 tomahawks
Armour
 d - a +0 pair of gloves (worn)
 i - a +0 ring mail
 w - a +0 chain mail of positive energy (worn)
Jewellery
 b - an uncursed ring of fire
 g - a ring of resist corrosion (right hand)
 q - a +5 ring of intelligence (left hand)
Scrolls
 h - a scroll of amnesia {unknown}
 j - a scroll of teleportation {unknown}
 l - 7 scrolls of identify {unknown}
 m - 2 scrolls of blinking {unknown}
 p - a scroll of immolation {unknown}
 r - a scroll of magic mapping {unknown}
 s - a scroll of remove curse {unknown}
 u - a scroll of fear {unknown}
Potions
 e - 4 potions of curing
 k - 2 potions of cancellation {unknown}
 n - a potion of resistance {unknown}
 o - 2 potions of heal wounds {unknown}
 t - a potion of might {unknown}
 v - a potion of brilliance {unknown}
 x - 2 potions of degeneration {unknown}
Comestibles
 c - 8 rations


   Skills:
 * Level 5.4 Fighting
 * Level 6.0 Axes
 + Level 2.1 Armour
 - Level 2.4 Dodging
 - Level 1.5 Stealth


You had 4 spell levels left.
You didn't know any spells.
Your spell library was empty.

Dungeon Overview and Level Annotations

Branches:
Dungeon (4/15)
 Temple: D:4-7

Altars:
Wu Jian

Annotations:
D:2 exclusion: 2 downstairs


Message History

The ogre hits you with a giant club.
You hit the ogre.
The ogre is almost dead.
The ogre hits you with a giant club!
* * * LOW HITPOINT WARNING * * *
You hit the ogre.
You kill the ogre!
The Council accepts your kill.
Your Axes skill increases to level 6!
Your Armour skill increases to level 2!
You have reached level 5!
You feel stronger.
You start resting.
All of the chunks of flesh in your inventory have rotted away.
You are feeling hungry.
You start resting.
You are feeling very hungry.
Things that are here:
a giant club; an ogre skeleton There isn't anything here!
Are you sure you want to abandon this character and quit the game? (Confirm

## # #.. #.
##..#
..#.####...#
...........#
.........#.##
............#
.........@..#
.........)..#
...........##
<..........#
.......<...#
...........#
............#
.............#
............#..


There were no monsters in sight!

Vanquished Creatures
  An ogre (D:4)
  An adder (D:2)
  An ooze (D:2)
  A worm (D:3)
  4 leopard geckos
  5 orcs
  2 giant cockroaches
  7 goblins
  8 hobgoblins
  9 jackals
  A ball python (D:1)
  6 bats
  7 frilled lizards
  16 kobolds
  A leopard gecko skeleton (D:3)
  11 rats
81 creatures vanquished.

Notes
Turn   | Place    | Note
-------+----------+-------------------------------------------
     0 | D:1      | schets the Hill Orc Monk began the quest for the Orb.
     0 | D:1      | Reached XP level 1. HP: 19/19 MP: 1/1
   336 | D:1      | Reached XP level 2. HP: 27/27 MP: 2/2
   897 | D:2      | Reached skill level 1 in Armour
   897 | D:2      | Reached XP level 3. HP: 24/33 MP: 3/3
  1383 | D:2      | Reached skill level 5 in Axes
  1383 | D:2      | Reached XP level 4. HP: 27/41 MP: 4/4
  2439 | D:3      | Found a faded altar of an unknown god.
  2515 | D:3      | Reached skill level 5 in Fighting
  2710 | D:3      | Became a worshipper of the Wu Jian Council
  2710 | D:3      | Reached * piety under Wu Jian
  2710 | D:3      | Reached ** piety under Wu Jian
  2724 | D:4      | Noticed an ogre
  2735 | D:4      | HP: 1/42 [ogre/giant club (13)]
  2736 | D:4      | Killed an ogre
  2736 | D:4      | Reached skill level 6 in Axes
  2736 | D:4      | Reached XP level 5. HP: 1/48 MP: 5/5
  3014 | D:4      | Quit the game

Skill      XL: |  1  2  3  4 |
---------------+-------------+-----
Fighting       | 4 5 |  5.4
Armour         | 1 2 |  2.1
Axes           | 5 6 |  6.0
Dodging        | |  2.4
Stealth        | |  1.5

Action                   |  1- 3 |  4- 6 || total
-------------------------+-------+-------++-------
Melee: Hand axe          |   146 |    67 ||   213
       War axe           |       |    56 ||    56
Throw: Tomahawk          |     1 |     1 ||     2
Invok: Whirlwind         |       |     2 ||     2
 Abil: Wall Jump         |       |     1 ||     1
  Use: Potion            |     1 |       ||     1
 Stab: Sleeping          |     1 |       ||     1
  Eat: Chunk             |     1 |     5 ||     6
Armor: Ring mail         |    46 |    30 ||    76
       Robe              |     1 |       ||     1
       Chain mail        |       |    36 ||    36
Dodge: Dodged            |   101 |    73 ||   174
